 Dungeon Crawl Stone Soup version 0.29-a0-356-g7bc237e783 (webtiles) character file.

Game seed: 14336325048358753676

79 HendSelp the Ruffian (level 4, -10/30 HPs)
             Began as an Octopode Gladiator on Apr 25, 2022.
             Killed by divine providence
             ... invoked by an orc priest
              (12 damage)
             ... on level 4 of the Dungeon.
             The game lasted 00:02:58 (1555 turns).

HendSelp the Ruffian (Octopode Gladiator)           Turns: 1555, Time: 00:02:59

Health: -10/30     AC:  2    Str: 21    XL:     4   Next: 38%
Magic:  5/5        EV: 14    Int: 10    God:
Gold:   78         SH:  0    Dex: 13    Spells: 5/5 levels left

rFire   . . .      SeeInvis .     - Unarmed
rCold   . . .      Faith    .   (no shield)
rNeg    . . .      Spirit   .   a - +1 hat
rPois   .          Reflect  .   (no amulet)
rElec   .          Harm     .   i - +6 ring of strength
rCorr   .          Rampage  .   (no ring)
Will    .....                   (no ring)
Stlth   ++........              (no ring)
HPRegen 0.10/turn               (no ring)
MPRegen 0.09/turn               (no ring)
                                (no ring)
                                (no ring)

@: no status effects
A: almost no armour, amphibious, 8 rings, camouflage 1, gelatinous body 1,
(nimble swimmer 1), tentacles
a: no special abilities


You were on level 4 of the Dungeon.
You visited 1 branch of the dungeon, and saw 3 of its levels.

You collected 78 gold pieces.

Inventory:

Missiles
 b - 2 throwing nets (quivered)
 c - a javelin
Armour
 a - a +1 hat (worn)
Jewellery
 i - a +6 ring of strength (left tentacle)
Scrolls
 e - a scroll of enchant weapon
Potions
 d - a potion of might


   Skills:
 * Level 2.4 Fighting
 - Level 2.0 Throwing
 + Level 3.4 Dodging
 * Level 4.2 Unarmed Combat
 * Level 1.1 Spellcasting


You had 5 spell levels left.
You didn't know any spells.
Your spell library was empty.

Dungeon Overview and Level Annotations

Branches:
Dungeon (2/15)

Altars:
Dithmenos


Innate Abilities, Weirdness & Mutations

You cannot wear most types of armour.
You are amphibious.
You can wear up to eight rings at the same time.
Your skin changes colour to match your surroundings (Stealth+).
Your rubbery body absorbs attacks. (AC +1, EV +1)
((You are camouflaged when in or above water. (Stealth+)))
You have tentacles for arms and can constrict up to eight enemies at once.


Message History

No target in view!
Things that are here:
a +0 short sword; 3 stones
Found a twisted lead wand.
Found a shadowy altar of Dithmenos.
A scorpion comes into view.
The orc priest begins to cast a cantrip, but forgets the words!
The orc shouts!
The orc priest shouts!
You hear a shout!
The orc closely misses you.
The orc priest looks braver for a moment.
You hear a bark!
You tentacle-slap the orc priest but do no damage.
Your grab misses the orc priest. You squeeze the orc priest.
The orc priest is moderately wounded.
The orc barely misses you.
You tentacle-slap the orc priest. You grab the orc priest.
The orc priest is severely wounded.
You constrict the orc priest. The orc hits you with a +0 flail.
The orc priest calls down the wrath of Beogh upon you.
Beogh smites you!
You tentacle-slap the orc priest but do no damage.
The orc priest is almost dead.
You constrict the orc priest.
You kill the orc priest!
The orc hits you with a +0 flail!
* * * LOW HITPOINT WARNING * * *
Your Unarmed Combat skill increases to level 4!
You have reached level 4!
Unknown command.
Unknown command.
Unknown command.
Unknown command.
Throw: 3 throwing nets
Press: ? - help, Q - select action, (/) - cycle Shift-Dir - straight line, f - orc priest
Aim: an orc priest, wielding a +0 hand axe (59% to hit)
You throw a throwing net. The throwing net hits the orc priest.
The orc priest is caught in the net!
The orc priest struggles against the net.
The orc priest mumbles some strange prayers to Beogh against you.
Beogh smites you!
You die...

##........## .#.#.#.........
#########.>## ... ......##.#
##..# #.# .......# ##.#
#.#.......## #.##
..#.....S.#
###########..####.##o......#
...........)............
############...s#o....#
####.@)..# #..$.o......
#.#.#####.#. #.#/......#.
#.#.#...#.#. #.#.#._.#.#.
..#.#...#.#. #..#.......#.


You could see a scorpion, 2 orc priests and an orc.

Vanquished Creatures
  An orc priest (D:4)
  An adder (D:4)
  A dart slug (D:1)
  4 ball pythons (D:1)
  3 endoplasms
  A giant cockroach (D:4)
  3 goblins
  7 hobgoblins
  3 jackals (D:4)
  5 kobolds
  3 bats
  2 frilled lizards
  2 rats (D:1)
36 creatures vanquished.

Notes
Turn   | Place    | Note
-------+----------+-------------------------------------------
     0 | D:1      | HendSelp the Octopode Gladiator began the quest for the
                  | Orb.
     0 | D:1      | Reached XP level 1. HP: 14/14 MP: 1/1
   311 | D:1      | Reached XP level 2. HP: 18/19 MP: 2/2
   744 | D:1      | Found a faded altar of an unknown god.
  1110 | D:2      | Reached XP level 3. HP: 21/24 MP: 3/3
  1262 | D:2      | You fall into a shaft and drop 2 floors!
  1514 | D:4      | Reached skill level 1 in Spellcasting
  1546 | D:4      | Found a shadowy altar of Dithmenos.
  1547 | D:4      | Noticed a scorpion
  1554 | D:4      | HP: 1/25 [orc/+0 flail (7)]
  1555 | D:4      | Reached skill level 4 in Unarmed Combat
  1555 | D:4      | Reached XP level 4. HP: 2/30 MP: 5/5
  1555 | D:4      | Killed from afar by an orc priest

Illustrated notes

Levels and vault maps discovered:
D:1:      saegor_arrival_simple_c, layout_basic, basic_ecumenical_altar
D:2:      layout_rooms
D:4:      layout_rooms, general_overflow_altar,
          mainiacjoe_overflow_small_starburst,
          mainiacjoe_overflow_cross_hatched, st_stairs_2

Skill      XL: |  1  2  3 |
---------------+----------+-----
Spellcasting   | 1 |  1.1
Unarmed Combat | 4 |  4.2
Fighting       | |  2.4
Throwing       | |  2.0
Dodging        | |  3.4

Action                   |  1- 3 |  4- 6 || total
-------------------------+-------+-------++-------
Melee: Unarmed           |    67 |       ||    67
       Tentacles         |    17 |       ||    17
       Constrict         |    19 |       ||    19
Throw: Throwing net      |       |     1 ||     1
  Use: Scroll            |     6 |       ||     6
 Stab: Sleeping          |     7 |       ||     7
Armor: Skin              |     5 |       ||     5
Dodge: Dodged            |    30 |       ||    30

Table legend: (Time is in decaauts)
 A = Elapsed time spent in this place.
 B = Non-inter-level travel time spent in this place.
 C = Inter-level travel time spent in this place.
 D = Time resting spent in this place.
 E = Time spent auto-exploring this place.
 F = Levels seen in this place.
 G = Mean time per level.
                   A        B        C        D        E       F      G
               +--------+--------+--------+--------+--------+-----+--------+
         Total |   1548 |   1534 |     14 |    147 |   1121 |   3 |  516.0 |
       Dungeon |   1548 |   1534 |     14 |    147 |   1121 |   3 |  516.0 |
               +--------+--------+--------+--------+--------+-----+--------+

Top non-repeatable levels by time:
     D:1: 1085 daAuts
     D:4: 291 daAuts
     D:2: 171 daAuts
